 Dungeon Crawl Stone Soup version 0.20.1-1-g8b1a95d (webtiles) character file.

32 Folque the Conjurer (level 3, -1/28 HPs)
             Began as a Human Conjurer on Nov 3, 2017.
             Killed from afar by an orc wizard (7 damage)
             ... with a magic dart
             ... on level 3 of the Dungeon.
             The game lasted 00:07:42 (1176 turns).

Folque the Conjurer (Human Conjurer)                Turns: 1176, Time: 00:07:42

Health: -1/28      AC:  2    Str:  5 (8)  XL:     3   Next: 42%
Magic:  1/6        EV: 12    Int: 20 (21) God:
Gold:   88         SH:  0    Dex: 11 (13) Spells: 0/6 levels left

rFire    . . .     SeeInvis .   k - +0 whip (drain)
rCold    . . .     Gourm    .   (no shield)
rNeg     . . .     Faith    .   a - +0 robe
rPois    .         Spirit   .   (no helmet)
rElec    .         Reflect  .   (no cloak)
rCorr    .         Harm     .   (no gloves)
MR       .....                  (no boots)
Stlth    ++........             (no amulet)
Regen    0.1/turn               (no ring)
MPRegen  0.1/turn               (no ring)

@: brilliant
A: no striking features
a: no special abilities


You were on level 3 of the Dungeon.
You were hungry.

You visited 1 branch of the dungeon, and saw 3 of its levels.

You collected 88 gold pieces.

Inventory:

Hand Weapons
 d - a +0 short sword
 i - a cursed -1 dagger
 k - a +0 whip of draining (weapon)
Armour
 a - a +0 robe (worn)
Wands
 l - a wand of disintegration (20/24)
Scrolls
 f - a scroll of blinking {unknown}
 j - a scroll of teleportation {unknown}
Potions
 g - a potion of brilliance
Books
 b - a book of Conjurations

   Spells                             Type                      Level
   a - Magic Dart                     Conjuration                  1
   b - Searing Ray                    Conjuration                  2
   c - Dazzling Spray                 Conjuration/Hexes            3
   d - Fulminant Prism                Conjuration/Hexes            4
   e - Force Lance                    Conjuration/Translocation    4
   f - Iskenderun's Mystic Blast      Conjuration                  4
Comestibles
 c - a bread ration
 h - 4 fruits
 m - 2 meat rations


   Skills:
 * Level 2.3 Fighting
 - Level 2.0 Dodging
 - Level 2.0 Stealth
 + Level 2.3 Spellcasting
 - Level 4.0 Conjurations


You couldn't memorise any spells.
You knew the following spells:

 Your Spells              Type           Power        Failure   Level  Hunger
a - Magic Dart            Conj           ####         1%          1    #......
b - Searing Ray           Conj           ####..       1%          2    ##.....
c - Dazzling Spray        Conj/Hex       ###...       2%          3    ###....


Dungeon Overview and Level Annotations

Branches:
Dungeon (3/15)

Altars:


Message History

The magic dart hits something.
You hear some strange, mumbled words.
A magic dart appears from out of thin air!
Deactivating autopickup; reactivate with Ctrl-A.
The magic dart hits you!
* * * LOW HITPOINT WARNING * * *
You closely miss something. Something hits you.
* * * LOW HITPOINT WARNING * * *
It was a potion of degeneration.
There was something very wrong with that liquid.
You feel weakened.
You feel dopey.
You feel clumsy. Something completely misses you.
It was a potion of brilliance.
You feel clever all of a sudden. Something hits you.
* * * LOW HITPOINT WARNING * * *
You hear some strange, mumbled words.
A magic dart appears from out of thin air!
The magic dart hits you!
You die...

####........# #.#.#
...........# #.#.#
####.###...# #.#.#
{.o...##...# #.#.#
####.###...####.#.####
#.# #.<...........#
########...####...####
.).........######{#
#####.......(...@.#
####.#.######.# ###.#
#.# ### #.# ###


There were no monsters in sight!

Vanquished Creatures
  An ooze (D:3)
  3 orcs (D:3)
  A giant cockroach (D:1)
  3 goblins (D:1)
  4 hobgoblins
  2 jackals (D:1)
  3 bats
  3 frilled lizards (D:1)
  2 kobolds (D:1)
  A rat (D:1)
23 creatures vanquished.

Notes
Turn   | Place    | Note
-------+----------+-------------------------------------------
     0 | D:1      | Folque the Human Conjurer began the quest for the Orb.
     0 | D:1      | Reached XP level 1. HP: 13/13 MP: 3/3
   123 | D:1      | Reached skill level 1 in Fighting
   176 | D:1      | Reached XP level 2. HP: 21/21 MP: 5/5
   217 | D:1      | Learned a level 2 spell: Searing Ray
   972 | D:2      | Reached XP level 3. HP: 27/27 MP: 4/6
   981 | D:2      | Learned a level 3 spell: Dazzling Spray
  1176 | D:3      | Killed from afar by an orc wizard

Skill      XL: |  1  2 |
---------------+-------+-----
Fighting       | 1 2 |  2.3
Dodging        | |  2.0
Stealth        | |  2.0
Spellcasting   | |  2.3
Conjurations   | |  4.0

Action                   || total
-------------------------++-------
Melee: Short sword       ||    26
       Unarmed           ||     1
       Whip              ||    13
 Cast: Magic Dart        ||    11
       Searing Ray       ||     4
       Dazzling Spray    ||     3
  Use: Potion            ||     2
 Stab: Sleeping          ||     1
  Eat: Chunk             ||     1
Armor: Robe              ||     6
Dodge: Dodged            ||    25
